 Dungeon Crawl Stone Soup version 0.20.0-6-gd3061e9 (webtiles) character file.

23 Larmestyx the Sneak (level 3, 0/16 HPs)
             Began as a Vine Stalker Enchanter on May 28, 2017.
             Succumbed to an adder's poison
             ... on level 2 of the Dungeon.
             The game lasted 00:04:26 (977 turns).

Larmestyx the Sneak (Vine Stalker Enchanter)         Turns: 977, Time: 00:04:27

Health: 0/16       AC:  2    Str: 10    XL:     3   Next: 0%
Magic:  3/7        EV: 12    Int: 15    God:
Gold:   14         SH:  0    Dex: 15    Spells: 3/6 levels left

rFire    . . .     SeeInvis .   a - +1 dagger
rCold    . . .     Gourm    .   (no shield)
rNeg     . . .     Faith    .   b - +0 robe
rPois    .         Spirit   +   (no helmet)
rElec    .         Reflect  .   (no cloak)
rCorr    .         Harm     .   (no gloves)
MR       .....                  (no boots)
Stlth    +++.......             (no amulet)
Regen    0.1/turn               (no ring)
MPRegen  0.1/turn               (no ring)

@: lethally poisoned (0 -> -13), very slightly contaminated
A: fangs 2, magic shield, antimagic bite, no potion heal 3, rot immunity
a: no special abilities


You were on level 2 of the Dungeon.
You were not hungry.

You visited 1 branch of the dungeon, and saw 2 of its levels.

You collected 14 gold pieces.

Inventory:

Hand Weapons
 a - a +1 dagger (weapon)
Armour
 b - a +0 robe (worn)
Scrolls
 g - 5 scrolls of identify {unknown}
 i - 2 scrolls of amnesia {unknown}
 j - 2 scrolls of enchant weapon {unknown}
 k - a scroll of teleportation {unknown}
 l - a scroll of immolation {unknown}
 m - a scroll of remove curse {unknown}
Potions
 e - a potion of mutation {unknown}
 f - a potion of lignification {unknown}
 h - 2 potions of curing {unknown}
Books
 c - a book of Maledictions

   Spells                             Type                      Level
   a - Corona                         Hexes                        1
   b - Ensorcelled Hibernation        Hexes/Ice                    2
   c - Confuse                        Hexes                        3
   d - Tukima's Dance                 Hexes                        3
   e - Dazzling Spray                 Conjuration/Hexes            3
Comestibles
 d - 2 bread rations
 n - a meat ration


   Skills:
 * Level 1.1 Short Blades
 + Level 1.6 Dodging
 + Level 4.2 Stealth
 + Level 2.3 Spellcasting
 + Level 3.3 Hexes


You had 3 spell levels left.
You knew the following spells:

 Your Spells              Type           Power        Failure   Level  Hunger
a - Corona                Hex            ##.....      5%          1    #......
b - Ensorcelled Hibernat  Hex/Ice        #.....       16%         2    ###....


Dungeon Overview and Level Annotations

Branches:
Dungeon (2/15)

Altars:
Yredelemnul


Innate Abilities, Weirdness & Mutations

You have extremely sharp teeth.
When hurt, damage is shared between your health and your magic reserves.
Your bite disrupts and absorbs the magic of your enemies.
Potions cannot restore your health.
You are immune to rotting.


Message History

You feel sick. The adder barely misses you.
You closely miss the adder.
The adder is moderately wounded.
The adder bites you.
* * * LOW HITPOINT WARNING * * *
You are more poisoned.
The adder poisons you!
You barely miss the adder. You bite the adder. You drain its power.
You feel invigorated.
The adder is heavily wounded.
* * * LOW HITPOINT WARNING * * *
You feel sick. The adder barely misses you.
You closely miss the adder. You bite the adder. You drain its power.
You feel invigorated.
The adder is heavily wounded.
* * * LOW HITPOINT WARNING * * *
You feel sick. The adder misses you. The adder bites you.
You hit the adder.
The adder is almost dead.
You die...

#.# #.#.# #. #.#.# #.
#.#.# #. #(#.# #. #.#.#
.#####.##############.#.#
....$..............##.#.#
......>.@................
######S##########.##.#.#
#...# #.##.#.# #.....#
#.##.#.# #..!..[.#
#.##.#.# ....._.....
#.##.#.# #.#.......#.#
#)##.#.# #.##.)...##.#
#.##.#.# . ##...## #
#.##.#.#


You could see an adder.

Vanquished Creatures
  2 dart slugs (D:1)
  2 leopard geckos
  A giant cockroach (D:2)
  4 hobgoblins
  4 goblins (D:1)
  3 rats
16 creatures vanquished.

Notes
Turn   | Place    | Note
-------+----------+-------------------------------------------
     0 | D:1      | Larmestyx the Vine Stalker Enchanter began the quest for the Orb.
     0 | D:1      | Reached XP level 1. HP: 9/9 MP: 4/4
   261 | D:1      | Reached skill level 4 in Stealth
   261 | D:1      | Reached XP level 2. HP: 9/13 MP: 6/6
   474 | D:1      | Reached skill level 1 in Short Blades
   946 | D:2      | Reached XP level 3. HP: 16/16 MP: 7/7
   960 | D:2      | Found a basalt altar of Yredelemnul.
   966 | D:2      | Learned a level 2 spell: Ensorcelled Hibernation
   977 | D:2      | Succumbed to an adder's poison

Skill      XL: |  1  2 |
---------------+-------+-----
Stealth        | 4 |  4.2
Short Blades   | 1 |  1.1
Dodging        | |  1.6
Spellcasting   | |  2.3
Hexes          | |  3.3

Action                   || total
-------------------------++-------
Melee: Dagger            ||    58
       Bite              ||    11
 Cast: Ensorcelled Hiber ||     2
 Stab: Sleeping          ||     5
Armor: Robe              ||     4
Dodge: Dodged            ||    30
